 Dungeon Crawl Stone Soup version 0.23-a0-635-g88ca12a (webtiles) character file.

374 Leeroy the Slasher (level 6, -22/46 HPs)
             Began as a Barachi Skald on Dec 27, 2018.
             Annihilated by an ogre
             ... wielding a +0 giant club
              (24 damage)
             ... on level 3 of the Dungeon.
             The game lasted 00:09:52 (5018 turns).

Leeroy the Slasher (Barachi Skald)                  Turns: 5018, Time: 00:09:53

Health: -22/46     AC: 12    Str: 14    XL:     6   Next: 72%
Magic:  9/9        EV:  4    Int: 14    God:
Gold:   148        SH:  0    Dex: 11    Spells: 2/9 levels left

rFire    . . .     SeeInvis .   a - +0 falchion
rCold    . . .     Gourm    .   (no shield)
rNeg     . . .     Faith    .   e - +0 plate armour
rPois    +         Spirit   .   (no helmet)
rElec    .         Reflect  .   (no cloak)
rCorr    .         Harm     .   H - +0 pair of gloves
MR       .....                  (no boots)
Stlth    ..........             (no amulet)
HPRegen  0.15/turn              s - ring of poison resistance
MPRegen  0.11/turn              (no ring)

@: can't hop, very slightly contaminated, invisible, slow
A: +LOS, swims, slowness 1, strong legs 1
a: Hop


You were on level 3 of the Dungeon.
You were very hungry.

You visited 1 branch of the dungeon, and saw 4 of its levels.

You collected 148 gold pieces.

Inventory:

Hand Weapons
 a - a +0 falchion (weapon)
 h - a +0 short sword
 i - a +0 dagger
 p - a +0 hunting sling
 u - a +0 dagger
 y - a +0 flail
 I - a +0 flail
Missiles
 f - 33 sling bullets
 g - 126 stones (quivered)
 j - 7 curare-tipped needles
 l - 51 arrows
 w - 4 tomahawks
 A - 2 javelins
 B - 2 throwing nets
 E - 20 poisoned needles
Armour
 b - a +0 leather armour
 e - a +0 plate armour (worn)
 z - a +0 scale mail
 F - a +0 ring mail
 H - a +0 pair of gloves (worn)
Jewellery
 s - a ring of poison resistance (left hand)
 t - an uncursed ring of stealth {unknown}
Wands
 o - a wand of disintegration (9)
 C - a wand of random effects (10)
Scrolls
 k - a scroll of remove curse {unknown}
 n - a scroll of immolation {unknown}
 v - a scroll of teleportation {unknown}
 x - a scroll of enchant armour {unknown}
 G - 2 scrolls of blinking {unknown}
Potions
 m - a potion of heal wounds {unknown}
 q - a potion of magic {unknown}
 r - a potion of might {unknown}
 D - a potion of mutation {unknown}
Comestibles
 d - 8 rations


   Skills:
 - Level 2.4 Fighting
 * Level 7.5 Long Blades
 - Level 3.0 Armour
 - Level 2.1 Dodging
 - Level 2.1 Spellcasting
 * Level 1.6 Hexes
 - Level 3.2 Charms


You had 2 spell levels left.
You knew the following spells:

 Your Spells              Type           Power        Failure   Level  Hunger
a - Infusion              Chrm           ##..         99%         1    #......
b - Regeneration          Chrm/Necr      #.........   100%        3    ###....
c - Spectral Weapon       Hex/Chrm       #.......     100%        3    ###....

Your spell library contained the following spells:

 Spells                   Type           Power        Failure   Level  Hunger
 Shroud of Golubria       Chrm/Tloc      #.........   100%        2    ###....
 Song of Slaying          Chrm           ##......     100%        2    ###....


Dungeon Overview and Level Annotations

Branches:
Dungeon (4/15)
 Temple: D:4-7

Altars:


Innate Abilities, Weirdness & Mutations

Shadows flee at your approach. (+LOS)
You can swim through water.
You cover ground slowly.
You can hop short distances.


Message History

A mysterious force pulls you upwards. The hatch slams shut behind you.
Unknown command.
You hit the ogre.
The ogre is lightly wounded.
The ogre hits you with a +0 giant club.
* * * LOW HITPOINT WARNING * * *
Unknown command.
Hop to where?
Press: ? - help, Dir - move target cursor Boing!
The ogre hits you but does no damage.
There is a stone staircase leading down here.
It was a potion of invisibility.
You fade into invisibility!
The ogre hits you with a +0 giant club!
* * * LOW HITPOINT WARNING * * *
You are very lightly contaminated with residual magic.
The ogre hits you with a +0 giant club!!
Ouch! That really hurt!
You die...

############
######..........#######
#......#...............
#.##...#...####.#######
#.##.#####......#######
#.##.O>#...............
#.####@#..###...#######
#.# #....# #.........#
#.# ###[.####..#####.#
###.#
####..##........).#
#...#
#.....##.#..####..#
#.###
#.###.##.#..####..# #.#
#.# #.##.#.....#..# #.#
#.# #.##.#.###.#..# #.#
#.# #.##.#.# #.#..#


You could see an ogre.

Vanquished Creatures
  A phantom (D:4)
  A bullfrog skeleton (D:4)
  An orc wizard (D:3)
  An iguana (D:4)
  2 worker ants (D:4)
  3 gnolls (D:3)
  3 adders
  An ooze (D:2)
  An adder skeleton (D:4)
  A worm (D:2)
  A dart slug (D:1)
  A leopard gecko (D:4)
  13 orcs
  5 giant cockroaches
  5 goblins
  11 hobgoblins
  2 jackals (D:2)
  4 ball pythons
  7 bats
  4 frilled lizards
  4 kobolds
  9 rats
81 creatures vanquished.

Notes
Turn   | Place    | Note
-------+----------+-------------------------------------------
     0 | D:1      | Leeroy the Barachi Skald began the quest for the Orb.
     0 | D:1      | Reached XP level 1. HP: 17/17 MP: 3/3
    65 | D:1      | Reached skill level 3 in Long Blades
   157 | D:1      | Reached XP level 2. HP: 19/23 MP: 5/5
   844 | D:1      | Reached skill level 4 in Long Blades
   844 | D:1      | Reached XP level 3. HP: 28/28 MP: 6/6
  1465 | D:2      | Reached XP level 4. HP: 29/34 MP: 7/7
  1497 | D:2      | Learned a level 3 spell: Regeneration
  1501 | D:2      | Learned a level 3 spell: Spectral Weapon
  2473 | D:3      | Reached skill level 5 in Long Blades
  2942 | D:3      | Reached XP level 5. HP: 28/39 MP: 8/8
  3723 | D:3      | Reached skill level 6 in Long Blades
  3723 | D:3      | Reached skill level 1 in Hexes
  4036 | D:4      | Reached XP level 6. HP: 27/46 MP: 9/9
  4849 | D:4      | Noticed a phantom
  4931 | D:4      | Killed a phantom
  4931 | D:4      | Reached skill level 7 in Long Blades
  5017 | D:3      | HP: 2/46 [ogre/+0 giant club (9)]
  5018 | D:3      | Annihilated by an ogre

Vault maps used:
D:1:      dpeg_arrival_prison
D:2:      first_ration, chequers_avenue
D:4:      cheibrodos_quashed, minmay_goblin_outpost

Skill      XL: |  1  2  3  4  5  6 |
---------------+-------------------+-----
Long Blades    | 3 4 5 6 7 |  7.5
Armour         | 2 3 |  3.0
Hexes          | 1 |  1.6
Fighting       | |  2.4
Dodging        | |  2.1
Spellcasting   | |  2.1
Charms         | |  3.2

Action                   |  1- 3 |  4- 6 || total
-------------------------+-------+-------++-------
Melee: Falchion          |   173 |   379 ||   552
Throw: Stone             |       |    12 ||    12
 Abil: Hop               |       |     4 ||     4
  Use: Scroll            |     2 |       ||     2
       Potion            |       |     1 ||     1
  Eat: Chunk             |     3 |     8 ||    11
       Ration            |       |     1 ||     1
Armor: Plate armour      |   155 |   312 ||   467
       Leather armour    |     4 |       ||     4
Dodge: Dodged            |    42 |    90 ||   132
       Rpst.: Falchion   |    14 |    29 ||    43

Table legend:
 A = Non-vault XP
 B = Vault XP
 C = Vault XP percentage of total XP
 D = Non-vault monster count
 E = Vault monster count
 F = Vault count percentage of total count
                 A         B        C        D         E       F
            +---------+---------+-------+---------+---------+-------
      Total |     527 |       8 |   1.5 |      76 |       5 |   6.2
            +---------+---------+-------+---------+---------+-------
        D:1 |      35 |       8 |  18.6 |      22 |       5 |  18.5
        D:2 |      62 |       0 |   0.0 |      17 |       0 |   0.0
        D:3 |     137 |       0 |   0.0 |      24 |       0 |   0.0
        D:4 |     293 |       0 |   0.0 |      13 |       0 |   0.0
            +---------+---------+-------+---------+---------+-------
